 Dungeon Crawl Stone Soup version 0.29.1-13-g9f3cf754e1 (webtiles) character file.

Game seed: 11244431050210619987

1021 foxxo the Magician (level 8, -4/44 HPs)
             Began as a Deep Elf Conjurer on Jan 21, 2023.
             Was a Follower of Sif Muna.
             Killed by nerve-wracking pain
             ... invoked by Grinder
              (14 damage)
             ... on level 5 of the Dungeon.
             The game lasted 00:15:10 (4891 turns).

foxxo the Magician (Deep Elf Conjurer)              Turns: 4891, Time: 00:15:12

Health: -4/44      AC:  6    Str:  4    XL:     8   Next: 2%
Magic:  19/21      EV: 13    Int: 26    God:    Sif Muna [*.....]
Gold:   271        SH:  0    Dex: 13    Spells: 11/21 levels left

rFire   . . .      SeeInvis .   p - +0 short sword
rCold   . . .      Faith    .   (no shield)
rNeg    . . .      Spirit   .   a - +0 robe
rPois   .          Reflect  .   (no helmet)
rElec   .          Harm     .   (no cloak)
rCorr   .          Rampage  .   (no gloves)
Will    .....                   (no boots)
Stlth   ++........              s - amulet of magic regeneration
HPRegen 0.14/turn               h - +4 ring of protection
MPRegen 0.57/turn               (no ring)

@: no status effects
A: no striking features
a: Renounce Religion, Channel Magic


You were on level 5 of the Dungeon.
You worshipped Sif Muna.
Sif Muna was aware of your devotion.
You visited 1 branch of the dungeon, and saw 5 of its levels.

You collected 271 gold pieces.

Inventory:

Hand Weapons
 p - a +0 short sword (weapon)
Armour
 a - a +0 robe (worn)
 g - a +0 leather armour
Jewellery
 h - a +4 ring of protection (left hand)
 s - an amulet of magic regeneration (around neck)
 v - an amulet of faith
 y - a +6 ring of dexterity
Wands
 l - a wand of polymorph (5)
 x - a wand of charming (7)
Scrolls
 c - 3 scrolls of identify {unknown}
 f - 4 scrolls of teleportation {unknown}
 i - a scroll of noise {unknown}
 m - 2 scrolls of fear {unknown}
 n - 2 scrolls of magic mapping {unknown}
 o - 2 scrolls of summoning {unknown}
 q - a scroll of immolation {unknown}
 t - a scroll of enchant armour {unknown}
 u - a scroll of silence {unknown}
 A - a scroll of enchant weapon {unknown}
Potions
 b - a potion of magic
 d - 3 potions of curing
 e - 3 potions of heal wounds {unknown}
 j - a potion of degeneration {unknown}
 k - 3 potions of might {unknown}
 r - 2 potions of lignification {unknown}
 w - a potion of cancellation {unknown}
 z - 2 potions of flight {unknown}


   Skills:
 * Level 2.2 Fighting
 + Level 1.4 Short Blades
 * Level 4.3 Dodging
 + Level 3.8 Stealth
 * Level 7.4 Spellcasting
 + Level 6.5 Conjurations
 * Level 1.5 Translocations
 * Level 1.3 Air Magic
 * Level 2.3 Invocations


You had 11 spell levels left.
You knew the following spells:

 Your Spells              Type           Power      Damage    Failure   Level
d - Magic Dart            Conj           100%       1d8       1%          1
i - Iskenderun's Mystic   Conj/Tloc      30%        2d8       12%         4
r - Searing Ray           Conj           86%        2d7       1%          2
S - Swiftness             Air            16%        N/A       11%         3

Your spell library contained the following spells:

 Spells                   Type           Power      Damage    Failure   Level
 Shock                    Conj/Air       100%       1d9       1%          1
 Dazzling Flash           Conj/Hex       52%        N/A       4%          3
 Slow                     Hex            36%        N/A       6%          1
 Ensorcelled Hibernation  Hex/Ice        18%        N/A       9%          2
 Fulminant Prism          Conj/Hex       13%        3d9       16%         4
 Airstrike                Air            8%         2d(2-18)  34%         4
 Silence                  Hex/Air        6%         N/A       77%         5
 Agony                    Necr           9%         N/A       86%         5


Dungeon Overview and Level Annotations

Branches:
Dungeon (5/15)             Temple (0/1) D:5

Altars:
Qazlal
Ru
Sif Muna

Annotations:
D:5 Grinder


Message History

You feel sick.
You feel sick.
You are no longer poisoned.
You see here a water moccasin corpse.
There is a stone staircase leading up here.
You open the door.
There is an open door here.
Found a stone staircase leading down.
You hear a distant slurping noise.
m - 2 scrolls labelled SIRYLOYNUS (gained 1)
y - a +6 ring of dexterity
Found a stone staircase leading down.
f - 4 scrolls labelled JOMAXK GYDYE (gained 1)
You now have 271 gold pieces (gained 17).
A - a scroll labelled JUNONIPSILA Grinder comes into view.
A jelly comes into view.
Grinder shouts!
The jelly quivers.
Grinder hits you.
You writhe in agony.
Casting: Searing Ray (safe; 1% risk of failure)
Confirm with . or Enter, or press ? or * to list all spells.
Aiming: Searing Ray (safe; 1% risk of failure)
Press: ? - help, Shift-Dir - straight line, f - Grinder
Aim: Grinder (80% to hit)
The searing ray hits Grinder!
Grinder is moderately wounded. (Press . to maintain the ray.) Grinder hits you.
You writhe in agony.
The searing ray hits Grinder.
Grinder is moderately wounded.
Grinder hits you!
You writhe in agony.
* * * LOW HITPOINT WARNING * * *
The searing ray hits Grinder!
Grinder is severely wounded.
The searing ray hits the jelly.
The jelly is lightly wounded.
Grinder gestures at you. Pain shoots through your body!
You die...

####### #.........
......# #........
......# #....... ......#
#...... ......######
..J..# ...........#
....# ...........# #5.#
...........#####@.###..
.>......................
...........##########...
###................ .
###.........#########
...#######..........#
...#######....###.##
...'..........#
...#######..###


You could see Grinder and a jelly.

Vanquished Creatures
  A water moccasin (D:5)
  An ice beast (D:5)
  2 black bears (D:5)
  A phantom (D:4)
  A hound (D:4)
  3 orc priests (D:4)
  Terence (D:2)
  An iguana (D:5)
  3 orc wizards
  Robin (D:4)
  16 gnolls
  3 adders
  4 worms
  20 orcs
  13 ball pythons
  4 endoplasms
  A giant cockroach (D:3)
  12 goblins
  8 hobgoblins
  5 jackals
  2 quokkas
  8 bats
  5 frilled lizards
  7 kobolds
  2 rats
125 creatures vanquished.

Vanquished Creatures (others)
  2 withered plants (D:1)
2 creatures vanquished.

Grand Total: 127 creatures vanquished

Notes
Turn   | Place    | Note
-------+----------+-------------------------------------------
     0 | D:1      | foxxo the Deep Elf Conjurer began the quest for the Orb.
     0 | D:1      | Reached XP level 1. HP: 10/10 MP: 6/6
   272 | D:1      | Reached XP level 2. HP: 15/15 MP: 4/8
   340 | D:1      | Found a faded altar of an unknown god.
   600 | D:1      | Learned a level 2 spell: Searing Ray
  1004 | D:2      | Reached skill level 5 in Conjurations
  1119 | D:2      | Reached XP level 3. HP: 20/20 MP: 4/9
  1392 | D:2      | Got Porphe's Cyclopedia of Ensorcelling
  1599 | D:2      | Noticed Terence
  1615 | D:2      | Killed Terence
  1616 | D:2      | Reached XP level 4. HP: 22/24 MP: 1/11
  1994 | D:3      | Reached skill level 1 in Fighting
  1994 | D:3      | Reached skill level 1 in Short Blades
  2198 | D:3      | Reached skill level 4 in Spellcasting
  2440 | D:3      | Reached XP level 5. HP: 29/29 MP: 9/13
  2714 | D:3      | Found a shimmering blue altar of Sif Muna.
  2961 | D:3      | Became a worshipper of Sif Muna the Loreminder
  3642 | D:4      | Reached skill level 5 in Spellcasting
  3642 | D:4      | Reached XP level 6. HP: 34/34 MP: 7/15
  3766 | D:4      | Found a stormy altar of Qazlal.
  3792 | D:4      | Reached skill level 1 in Invocations
  3909 | D:4      | Reached skill level 6 in Spellcasting
  3984 | D:4      | Reached XP level 7. HP: 33/39 MP: 12/18
  3984 | D:4      | Reached * piety under Sif Muna
  4043 | D:4      | Noticed Robin
  4063 | D:4      | Killed Robin
  4238 | D:4      | Learned a level 3 spell: Swiftness
  4243 | D:4      | Learned a level 4 spell: Iskenderun's Mystic Blast
  4311 | D:5      | Entered Level 5 of the Dungeon
  4313 | D:5      | Found a staircase to the Ecumenical Temple.
  4370 | D:5      | Found a sacrificial altar of Ru.
  4619 | D:5      | Identified the +4 arbalest of Hepliaklqana {venom, rCorr}
  4634 | D:5      | Reached skill level 1 in Translocations
  4669 | D:5      | Reached skill level 7 in Spellcasting
  4669 | D:5      | Reached skill level 1 in Air Magic
  4709 | D:5      | Reached XP level 8. HP: 38/44 MP: 15/21
  4887 | D:5      | Noticed Grinder
  4891 | D:5      | Killed from afar by Grinder

Illustrated notes

Levels and vault maps discovered:
D:1:      nzn_arrival_depleted_hourglass, layout_basic,
          ebering_ecumenical_altar_petrified
D:2:      layout_basic, minmay_pentomino_u2, uniq_terence
D:3:      layout_basic, mainiacjoe_overflow_alcove_4,
          hangedman_abyss_or_decor_lesser_grid
D:4:      layout_gridville, mainiacjoe_overflow_tiny_flanked, uniq_robin
D:5:      minmay_bubble_buster, layout_basic, nicolae_ru_the_path_less_chosen,
          yredelemnul_forgotten_temple_becter, lemuel_round_altar,
          minmay_temple_entry_grid, fountainhead, uniq_grinder

Skill      XL: |  1  2  3  4  5  6  7 |
---------------+----------------------+-----
Conjurations   | 5 6 |  6.5
Fighting       | 1 2 |  2.2
Short Blades   | 1 |  1.4
Spellcasting   | 4 5 6 7 |  7.4
Dodging        | 3 4 |  4.3
Stealth        | 3 |  3.8
Invocations    | 1 2 |  2.3
Translocations | 1 |  1.5
Air Magic      | 1 |  1.3

Action                   |  1- 3 |  4- 6 |  7- 9 || total
-------------------------+-------+-------+-------++-------
Melee: Dagger            |     5 |       |       ||     5
 Cast: Magic Dart        |    48 |    66 |    39 ||   153
       Searing Ray       |     6 |    23 |    12 ||    41
  Use: Potion            |       |     1 |       ||     1
Armor: Robe              |     4 |     5 |     6 ||    15
Dodge: Dodged            |     7 |    19 |     4 ||    30
